 Dungeon Crawl Stone Soup version 0.31-a0-844-gdc52ec4e09 (webtiles) character file.

Game seed: 9775140910393025582

392378 Flugkiller the Acrobat (level 24, -21/159 HPs)
             Began as a Kobold Brigand on Sept 28, 2023.
             Was a High Priest of Okawaru.
             Demolished by a large abomination (23 damage)
             ... while paralysed by a floating eye
             ... on level 4 of the Abyss.
             The game lasted 01:26:00 (46802 turns).

Flugkiller the Acrobat (Kobold Brigand)            Turns: 46802, Time: 01:26:00

Health: -21/159    AC: 15    Str:  9    XL:     24   Next: 22%
Magic:  32/32      EV:  3    Int: 18    God:    Okawaru [*****.]
Gold:   4401       SH:  0    Dex: 27    Spells: 23/23 levels left

rFire   + + .        s - +9 quick blade of Ravage {freeze, rF++}
rCold   + . .        F - +0 buckler {rC+}
rNeg    . . .        U - +0 troll leather armour
rPois   +            a - +2 helmet
rElec   +            G - +2 cloak {rPois}
rCorr   .            L - +1 pair of gloves of Poor Excuses {rElec Int+6 Stlth+}
SInv    .            e - +2 pair of boots
Will    +....        O - amulet of the acrobat
Stlth   ++++++       j - +4 ring of slaying
HPRegen 1.26/turn    y - ring of the Hare {EV+10, =R}
MPRegen 0.23/turn

%: acrobat
@: confused, paralysed, heroic
A: small, no large weapons, nightstalker 3
}: 2/15 runes: decaying, gossamer
a: Renounce Religion, Heroism, Finesse, Duel


You were on level 4 of the Abyss.
You worshipped Okawaru.
Okawaru was extremely pleased with you.
You visited 8 branches of the dungeon, and saw 39 of its levels.
You visited the Abyss 3 times.
You also visited: Ossuary, Gauntlet, Ice Cave, Volcano and Wizlab.

You collected 4737 gold pieces.
You spent 336 gold pieces at shops.

Inventory:

Hand Weapons
 s - the +9 quick blade of Ravage (weapon) {freeze, rF++}
   (Okawaru gifted it to you on level 3 of the Lair of Beasts)

   rF++:      It greatly protects you from fire.
Missiles
 k - 13 atropa-tipped darts
 N - 7 curare-tipped darts (quivered)
 R - 10 darts of dispersal
Armour
 a - a +2 helmet (worn)
   (You found it on level 3 of the Dungeon)
 b - a scarf of invisibility
   (You found it in a volcano)
 e - a +2 pair of boots (worn)
   (You found it on level 4 of the Dungeon)
 F - a +0 buckler of cold resistance (worn)
   (You found it in an ice cave)
 G - a +2 cloak of poison resistance (worn)
   (You found it in a Gauntlet)
 L - the +1 pair of gloves of Poor Excuses (worn) {rElec Int+6 Stlth+}
   (You found it in a Gauntlet)

   Int+6:     It affects your intelligence (+6).
   rElec:     It insulates you from electricity.
   Stlth+:    It makes you more stealthy.
 U - a +0 troll leather armour (worn)
   (You found it on level 11 of the Dungeon)
Jewellery
 f - a ring of protection from fire
   (You found it on level 1 of the Swamp)
 i - a ring of see invisible
   (You found it on level 5 of the Lair of Beasts)
 j - a +4 ring of slaying (left hand)
   (You found it on level 8 of the Dungeon)
 o - a ring of poison resistance
   (You found it in a wizard's laboratory)
 p - a ring of protection from cold
   (You found it on level 6 of the Dungeon)
 y - the ring of the Hare (right hand) {EV+10, =R}
   (You found it on level 15 of the Dungeon)

   [ring of evasion]

   EV+10:     It affects your evasion (+10).
 C - a +6 ring of dexterity
   (You found it on level 1 of the Depths)
 I - a ring of flight
   (You found it on level 7 of the Dungeon)
 O - an amulet of the acrobat (around neck)
   (You found it on level 11 of the Dungeon)
Wands
 K - a wand of digging (8)
   (You found it in an ice cave)
 P - a wand of roots (10)
   (You found it on level 5 of the Dungeon)
 X - a wand of quicksilver (15)
   (You found it on level 1 of the Spider Nest)
 Z - a wand of mindburst (14)
   (You found it on level 1 of the Spider Nest)
Scrolls
 l - 5 scrolls of fog
 r - 8 scrolls of identify
 t - 9 scrolls of teleportation
 x - 6 scrolls of fear
 z - 8 scrolls of blinking
 H - 5 scrolls of immolation
 J - 5 scrolls of vulnerability
 Q - 3 scrolls of revelation
 S - 3 scrolls of enchant armour
 T - 3 scrolls of poison
 W - a scroll of torment
Potions
 c - 4 potions of invisibility
 d - 3 potions of might
 g - 2 potions of berserk rage
 h - 5 potions of haste
 m - 8 potions of mutation
 n - 2 potions of resistance
 q - 9 potions of curing
 u - 5 potions of cancellation
 v - 4 potions of ambrosia
 w - 5 potions of heal wounds
 A - a potion of attraction
 B - 3 potions of lignification
 D - 7 potions of enlightenment
 E - 3 potions of magic
 V - 4 potions of brilliance
Miscellaneous
 Y - a tin of tremorstones (2/2)
   (You found it in a wizard's laboratory)


   Skills:
 + Level 18.5(23.5) Fighting
 - Level 14.0(19.0) Short Blades
 - Level 2.1(7.1) Throwing
 - Level 25.0(27) Dodging
 + Level 24.0(27) Stealth
 - Level 8.0(13.0) Shields
 - Level 12.0 Invocations
 - Level 23.0 Evocations


You had 23 spell levels left.
You didn't know any spells.
Your spell library contained the following spells:

 Spells                   Type           Power      Damage    Failure   Level
 Freeze                   Ice            0%         1d3       36%         1
 Magic Dart               Conj           0%         1d3       36%         1
 Slow                     Hex            0%         N/A       36%         1
 Blink                    Tloc           0%         N/A       50%         2
 Cigotuvi's Dreadful Rot  Necr/Pois/Air  0%         N/A       50%         2
 Ensorcelled Hibernation  Hex/Ice        0%         N/A       50%         2
 Lesser Beckoning         Tloc           0%         N/A       50%         2
 Momentum Strike          Conj/Tloc      0%         3d8       50%         2
 Passwall                 Tmut/Erth      0%         N/A       50%         2
 Poisonous Vapours        Pois/Air       0%         N/A       50%         2
 Scorch                   Fire           0%         2d5       50%         2
 Searing Ray              Conj           0%         2d4       50%         2
 Sublimation of Blood     Necr           0%         N/A       50%         2
 Wereblood                Tmut           0%         N/A       50%         2
 Confusing Touch          Hex            0%         N/A       73%         3
 Frozen Ramparts          Ice            0%         1d1       73%         3
 Gell's Gravitas          Tloc           0%         N/A       73%         3
 Hailstorm                Conj/Ice       0%         3d3       73%         3
 Ignite Poison            Fire/Tmut/Pois 0%         N/A       73%         3
 Inner Flame              Hex/Fire       0%         N/A       73%         3
 Mephitic Cloud           Conj/Pois/Air  0%         N/A       73%         3
 Sigil of Binding         Hex            0%         N/A       73%         3
 Swiftness                Air            0%         N/A       73%         3
 Teleport Other           Tloc           0%         N/A       73%         3
 Vampiric Draining        Necr           0%         2d6       73%         3
 Anguish                  Hex/Necr       0%         N/A       98%         4
 Brom's Barrelling Bould  Conj/Erth      0%         2d3       98%         4
 Cause Fear               Hex            0%         N/A       98%         4
 Dimensional Bullseye     Hex/Tloc       0%         N/A       98%         4
 Flame Wave               Conj/Fire      0%         2d4       98%         4
 Fulminant Prism          Conj/Hex       0%         3d5       98%         4
 Iskenderun's Mystic Bla  Conj/Tloc      0%         2d3       98%         4
 Manifold Assault         Tloc           0%         N/A       98%         4
 Passage of Golubria      Tloc           0%         N/A       98%         4
 Alistair's Intoxication  Tmut/Pois      0%         N/A       100%        5
 Borgnjor's Vile Clutch   Necr/Erth      0%         N/A       100%        5
 Fireball                 Conj/Fire      0%         3d3       100%        5
 Freezing Cloud           Conj/Ice/Air   0%         6-21      100%        5
 Irradiate                Conj/Tmut      0%         3d11      100%        5
 Iskenderun's Battlesphe  Conj           0%         2d6       100%        5
 Silence                  Hex/Air        0%         N/A       100%        5
 Yara's Violent Unravell  Hex/Tmut       0%         3d3       100%        5
 Conjure Ball Lightning   Conj/Air       0%         3x3d6     100%        6
 Dispersal                Tloc           0%         N/A       100%        6
 Eringya's Noxious Bog    Tmut/Pois      0%         4d6       100%        6
 Enfeeble                 Hex            0%         N/A       100%        7
 Orb of Destruction       Conj           0%         9d5       100%        7
 Ozocubu's Refrigeration  Ice            0%         4d7       100%        7
 Lehudib's Crystal Spear  Conj/Erth      0%         10d2      100%        8
 Polar Vortex             Ice            0%         N/A       100%        9
 Tukima's Dance           Hex            Unusable   N/A       N/A         3
 Animate Dead             Necr           Unusable   N/A       N/A         4
 Summon Ice Beast         Ice/Summ       Unusable   N/A       N/A         4
 Death Channel            Necr           Unusable   N/A       N/A         6
 Summon Cactus Giant      Summ           Unusable   N/A       N/A         6
 Summon Hydra             Summ           Unusable   N/A       N/A         7

Dungeon Overview and Level Annotations

Branches:
Dungeon (15/15) Zot: 25468  Temple (1/1) D:5 Zot: 5973    Lair (5/5) D:10 Zot: 24234
  Swamp (4/4) Lair:3 Zot: 21261  Spider (4/4) Lair:3 Zot: 19154   Slime (0/5) Lair:4
    Orc (2/2) D:11 Zot: 10530     Elf (0/3) Orc:2        Vaults (4/5) D:13 Zot: 16926
  Crypt (0/3) Vaults:3     Depths (4/4) D:15 Zot: 18755     Zot (0/5) Depths:4
Ossuary (visited)           IceCv (visited)         Volcano (visited)
 WizLab (visited)         Gauntlet (visited)

Altars:
Ashenzari
Cheibriados
Dithmenos
Elyvilon
Fedhas
Gozag
Hepliaklqana
Kikubaaqudgha
Makhleb
Nemelex Xobeh
Okawaru
Qazlal
Ru
Sif Muna
Trog
Uskayaw
Vehumet
Wu Jian
Xom
Yredelemnul
Zin
The Shining One

Shops:
D:2 [!   D:3 (   D:7 (   D:11 (:   D:12 !   D:14 (   Orc:2 :[:(*   Vaults:1 *
Vaults:2 [   Vaults:3 *   Depths:3 (

Portals:
Hell: Depths:1 Depths:2 Depths:3 Depths:4
Abyss: Depths:3
Pandemonium: Depths:1 Depths:2
Ziggurat: Depths:4

Annotations:
D:10 2 transporters
D:14 1 exclusion
D:15 Roxanne
Swamp:2 3 runed translucent doors
Swamp:3 2 transporters, Iffuusoj's ghost, adept MiBe
Swamp:4 2 transporters, WhatIsLove's ghost, adept DjFE
Spider:2 1 runed translucent door, Nacwyfagh's ghost, adept MiFi
Spider:4 3 runed translucent doors, Vazil's ghost, journeyman FeSu
Vaults:3 3 runed translucent doors, exclusion: obsidian statue, Inony's ghost, master FoHu
Depths:2 1 runed translucent door, Gawoomn's ghost, adept HOMo


Innate Abilities, Weirdness & Mutations

You are small and have problems with some larger weapons.
You are completely attuned to the shadows.


Message History

Your base Stealth skill increases to level 24!
The large abomination hits you!
There is an empty arch of ancient stone here.
You impale the large abomination!! You freeze the large abomination.
You destroy the large abomination!
Okawaru accepts your kill.
You feel the corruption within you wane completely.
Your system completely accepts the healing effects of potions.
There is an empty arch of ancient stone here.
Your hands slow down.
You feel better.
You open the door. 2 cacodemons and a tentacled starspawn come into view.
A flying skull, a shining eye and 2 golden eyes come into view.
There is an open door here.
A small abomination, a large abomination and an Executioner come into view.
Found two runelights.
The helpless cacodemon fails to defend itself.
You stick the cacodemon like a pincushion!!!!!!
You freeze the cacodemon.
You kill the cacodemon!
Okawaru accepts your kill.
Unknown command.
A small abomination, a large abomination and 2 slime creatures come into view.
Found two runelights.
Okay, then.
A slime creature, a small abomination, 2 floating eyes and a large abomination come into view.
Found an abyssal rune of Zot.
The cacodemon shouts!
The Executioner gives a hideous shriek!
The floating eye turns its gaze towards you.
The golden eye turns its gaze towards you.
The slime creature quivers.
The flying skull gives a hideous shriek!
The golden eye blinks at you.
You are confused.
The Executioner gestures.
The Executioner seems to speed up.
A large abomination comes into view.
The floating eye's stare focuses on you.
A slime creature comes into view.
A tentacle flies out from the starspawn's body!
The golden eye blinks at you.
You easily resist.
A large abomination comes into view.
The golden eye blinks at you.
You easily resist.
The flying skull gives a hideous shriek!
The slime creature quivers.
A starspawn tentacle comes into view.
You feel better.
The Executioner completely misses you. x2
The Executioner misses you. You block the Executioner's attack.
The Executioner hits you but does no damage.
The Executioner misses you. The golden eye blinks at you.
You are confused.
The floating eye gazes piercingly through you!
You suddenly lose the ability to move!
Two slime creatures merge to form a large slime creature.
A slime creature comes into view.
The Executioner hits you!! The Executioner hits you.
The Executioner hits you but does no damage.
The slime creature quivers.
The Executioner hits you.
The Executioner hits you but does no damage. x2
The large abomination hits you but does no damage.
The Executioner hits you!
The Executioner hits you but does no damage. x2
The golden eye blinks at you. You resist with almost no effort.
A starcursed mass comes into view.
A small abomination comes into view.
A tentacle flies out from the starspawn's body!
The cacodemon hits you but does no damage.
The cacodemon hits you!
A large abomination comes into view.
A large abomination comes into view.
The golden eye blinks at you. You resist with almost no effort.
The Executioner hits you!
* * * LOW HITPOINT WARNING * * *
The Executioner hits you but does no damage.
The Executioner hits you.
* * * LOW HITPOINT WARNING * * *
The large abomination hits you!!
* * * LOW HITPOINT WARNING * * *
A starspawn tentacle comes into view.
The Executioner hits you!
* * * LOW HITPOINT WARNING * * *
The Executioner hits you but does no damage. x2
The golden eye pulsates ominously.
The golden eye blinks!
The Executioner hits you.
* * * LOW HITPOINT WARNING * * *
The Executioner hits you but does no damage. x2
A starcursed mass splits.
Two slime creatures merge to form a very large slime creature.
A small abomination comes into view.
The cacodemon hits you.
* * * LOW HITPOINT WARNING * * *
The cacodemon hits you but does no damage.
The golden eye blinks!
The large abomination hits you!!
You die...

# ⌠## . ...# ##
. # . .## ' #.
#..##.##xJ# .
#..#.X#..z#xX.
#..#))
#⌠#####..J #
#.###.ww.Jx##
#......
##X.@1X#G
......∩.'.#2X.#z
. . ..###..JJ.#G
.#..####
....XX## .
⌠#####X.X


GzG# You could see 2 starcursed masses, a cacodemon, a tentacled starspawn, an
Executioner (fast), a very large slime creature, 4 slime creatures, 6 large
abominations, 3 small abominations, 2 starspawn tentacles, 2 flying skulls, a
floating eye and a golden eye.

Vanquished Creatures
  Bai Suzhen (Depths:1)
  Saint Roka (Arena)
  3 golden dragons
  A Hellbinder (Arena)
  2 bone dragons
  A shard shrike zombie (Abyss:3)
  Rupert (D:15)
  5 tentacled monstrosities
  Mlioglotl (Spider:1)
  Jorgrun (Swamp:1)
  A lich (Depths:2)
  Asterion (Vaults:2)
  Frances (Swamp:2)
  7 tentacled starspawn
  Kirke (D:15)
  Agnes (D:15)
  2 thorn hunters
  2 sphinxes (Vaults:2)
  3 shadow dragons
  2 nagarajas
  A tengu reaver (Depths:3)
  2 storm dragons
  2 fire giants (Depths:3)
  A draconian monk (Depths:4)
  11 frost giants
  Aizul (Spider:2)
  A deep elf sorcerer (Abyss:3)
  9 emperor scorpions
  A balrug (WizLab)
  12 vault wardens
  A draconian shifter (Abyss:4)
  7 ghost moths
  2 broodmothers
  2 orc warlords
  17 ironbound preservers
  A draconian stormcaller (Depths:4)
  3 formless jellyfish
  A war gargoyle (Vaults:3)
  A draconian annihilator (Depths:4)
  4 cacodemons
  8 ironbound thunderhulks
  14 very ugly things
  A green draconian (Depths:4)
  9 stone giants
  A deep elf demonologist (Abyss:4)
  Azrael (D:14)
  A black draconian (Depths:4)
  4 spark wasps
  4 eleionomae
  A demonspawn black sun (Arena)
  2 yellow draconians (Depths:4)
  A lorocyproca (WizLab)
  A red draconian (Depths:4)
  2 purple draconians
  4 bunyips
  A minotaur (Gauntlet)
  A white draconian (Abyss:3)
  7 dire elephants (Vaults:3)
  Snorg (D:14)
  6 fire dragons
  2 blizzard demons (WizLab)
  A crystal guardian (Vaults:3)
  5 ettins
  5 entropy weavers
  3 green deaths
  An entropy weaver (shapeshifter) (D:15)
  Josephine (D:15)
  A shambling mangrove (Abyss:3)
  Fannar (D:12)
  A deep elf high priest (Depths:4)
  12 vault guards
  6 great orbs of eyes
  4 rakshasas
  A hell beast (WizLab)
  16 hydras
  10 yaktaur captains
  Erolcha (D:11)
  A peacekeeper (Vaults:3)
  A ghost crab (Swamp:4)
  12 centaur warriors
  3 catoblepae
  2 ice dragons
  A spriggan air mage (Swamp:3)
  9 alligators
  2 radroaches (Spider:3)
  3 boulder beetles
  A satyr (Arena)
  3 two-headed ogres
  Erica (D:8)
  7 deep troll shamans
  6 demonic crawlers
  6 ironbound frosthearts
  4 deep troll earth magi
  A vampire mage (Depths:1)
  2 death knights (Vaults:3)
  3 death yaks
  A two-headed ogre (shapeshifter) (Depths:4)
  3 tengu warriors
  2 death scarabs (Gauntlet)
  Urug (Orc:2)
  2 spriggan berserkers
  6 thrashing horrors
  An orc high priest (Orc:2)
  8 sun demons (Depths:2)
  Amaemon (D:8)
  A sixfirhy (WizLab)
  5 wretched stars
  9 hell knights
  4 pharaoh ants
  3 iron trolls
  3 skeletal warriors (D:12)
  3 spriggan druids
  3 glowing orange brains
  2 goliath frogs (Swamp:2)
  A flayed ghost (Depths:3)
  5 bog bodies
  12 orb spiders
  3 shadow demons (WizLab)
  51 deep trolls
  A phantasmal warrior (Vaults:4)
  A deep elf archer (D:13)
  7 swamp dragons
  A tengu zombie (Vaults:1)
  8 necromancers
  19 ironbound convokers
  10 wizards
  2 deep elf pyromancers (D:15)
  5 steelbarb worms
  4 lindwurms
  4 starcursed masses (Abyss:3)
  11 orc knights
  4 worldbinders
  21 wolf spiders
  35 ugly things
  3 human zombies
  A tengu skeleton (Vaults:2)
  3 moths of wrath
  7 orc sorcerers
  A shining eye (Depths:2)
  A manticore (D:14)
  3 will-o-the-wisps
  3 cyclopes
  10 elephants
  24 vault sentinels
  A water nymph (Abyss:3)
  An ice statue (IceCv)
  8 orange demons
  3 rust devils (WizLab)
  2 stone giant skeletons
  5 apocalypse crabs
  2 guardian serpents (Abyss:4)
  A water nymph (shapeshifter) (D:14)
  A molten gargoyle (Volcano)
  5 black mambas
  11 cane toads
  2 gargoyles
  3 smoke demons
  8 torpor snails
  Jeremiah (Lair:1)
  7 komodo dragons
  2 rime drakes
  2 unseen horrors (D:12)
  A human skeleton (Vaults:1)
  2 hellions
  A dire elephant skeleton (Abyss:4)
  An efreet (D:13)
  4 freezing wraiths (IceCv)
  2 tengu conjurers
  An anaconda simulacrum (IceCv)
  A tormentor (WizLab)
  An ancient zyme (Abyss:4)
  24 yaktaurs
  17 ice devils
  11 large abominations
  3 red devils (WizLab)
  3 meliai (D:15)
  A troll (shapeshifter) (D:11)
  8 tyrant leeches
  Prince Ribbit (Lair:1)
  3 bloated husks (Swamp:1)
  10 trolls
  7 polar bears
  A wind drake (shapeshifter) (D:15)
  A tengu simulacrum (Vaults:2)
  33 tarantellas
  7 raiju
  18 blink frogs
  A hellwing (Abyss:4)
  14 hornets
  Grinder (D:3)
  A stone giant simulacrum (Vaults:1)
  10 dream sheep (Lair:5)
  13 spriggans
  A spectral black mamba (Gauntlet)
  35 jumping spiders
  3 shadows
  27 slime creatures
  2 vampires
  7 wraiths
  25 culicivoras
  2 dire elephant simulacra (IceCv)
  7 ynoxinuls
  9 water elementals
  2 wyverns
  A basilisk (D:14)
  6 fire elementals
  6 humans (D:15)
  28 vampire mosquitoes
  31 yaks
  46 redbacks
  A neqoxec (WizLab)
  A hog (shapeshifter) (D:13)
  A spectral komodo dragon (Gauntlet)
  3 human simulacra (Vaults:1)
  5 death yak simulacra (IceCv)
  4 chaos spawn
  3 harpy simulacra (IceCv)
  22 swamp worms
  4 wargs
  3 acid dragons
  11 water moccasins
  A hydra simulacrum (IceCv)
  A glowing shapeshifter skeleton (Vaults:1)
  4 hell hounds
  2 floating eyes
  7 small abominations
  A swamp drake (Swamp:1)
  3 black bears
  3 sky beasts
  An ettin simulacrum (Abyss:3)
  5 ogres
  2 ice beasts
  25 orc warriors
  28 wolves
  9 boggarts
  7 centaurs
  3 kobold brigands
  11 bullfrogs
  2 gnoll sergeants
  An earth elemental (Abyss:4)
  3 scorpions (D:6)
  3 cane toad simulacra (IceCv)
  A two-headed ogre simulacrum (IceCv)
  4 wights (D:9)
  4 elephant simulacra (IceCv)
  8 killer bees
  A howler monkey (D:8)
  An electric eel (Lair:3)
  2 centaur zombies
  A lava snake (Lair:3)
  2 jellies
  20 orc priests
  A gnoll bouda (D:3)
  3 hounds
  4 iguanas
  26 orc wizards
  A spriggan simulacrum (IceCv)
  3 troll simulacra (IceCv)
  3 polar bear simulacra (IceCv)
  5 wolf simulacra (IceCv)
  2 mummies (Ossuary)
  Robin (D:3)
  25 gnolls
  11 adders
  2 shadow imps
  13 white imps
  3 ufetubi
  2 worms (D:3)
  7 dart slugs
  48 orcs
  8 ball pythons
  8 bats
  6 endoplasms
  A giant cockroach (D:4)
  16 goblins
  9 hobgoblins
  5 quokkas
  2 frilled lizards
  4 gnoll zombies (Ossuary)
  2 goblin zombies (Ossuary)
  6 hobgoblin zombies (Ossuary)
  27 kobolds
  An orc zombie (Ossuary)
  4 rats
  A lurking horror (Abyss:4)
  2 starspawn tentacles (Abyss:4)
1637 creatures vanquished.

Vanquished Creatures (others)
  A bloated husk (Swamp:1)
  An orc wizard (D:10)
  9 starspawn tentacles
11 creatures vanquished.

Grand Total: 1648 creatures vanquished

Notes
Turn   | Place    | Note
-------+----------+-------------------------------------------
     0 | D:1      | Flugkiller the Kobold Brigand began the quest for the Orb.
     0 | D:1      | Reached XP level 1. HP: 12/12 MP: 1/1
   182 | D:1      | Reached XP level 2. HP: 17/17 MP: 2/2
   501 | D:1      | Reached skill level 2 in Dodging
   547 | D:1      | Reached XP level 3. HP: 21/21 MP: 3/3
   910 | D:2      | Found Beduosaq's Armour Boutique.
   960 | D:2      | Reached skill level 3 in Dodging
  1170 | D:2      | Found Awkuschi's Distillery.
  1322 | D:2      | Reached XP level 4. HP: 26/26 MP: 4/4
  1992 | D:3      | Reached XP level 5. HP: 29/31 MP: 5/5
  2007 | D:3      | Noticed Robin
  2132 | D:3      | Killed Robin
  2297 | D:3      | Reached skill level 1 in Evocations
  2380 | D:3      | Noticed Grinder
  2384 | D:3      | Killed Grinder
  2385 | D:3      | Reached skill level 5 in Short Blades
  2385 | D:3      | Reached skill level 4 in Dodging
  2385 | D:3      | Reached XP level 6. HP: 37/37 MP: 6/6
  2550 | D:3      | Reached XP level 7. HP: 36/41 MP: 7/7
  2635 | D:3      | Found Vumaeh's Weapon Boutique.
  2851 | D:4      | Noticed a hornet
  2873 | D:4      | Found a sand-covered staircase.
  2879 | Ossuary  | Entered an ossuary
  3323 | D:4      | Reached skill level 5 in Dodging
  3450 | D:4      | Paralysed by a hornet for 2 turns
  3453 | D:4      | Killed a hornet
  3454 | D:4      | Reached XP level 8. HP: 27/48 MP: 8/8
  3798 | D:5      | Entered Level 5 of the Dungeon
  4138 | D:5      | Identified the staff "Riets" {Str+2 Conj}
  4144 | D:5      | Found a sacrificial altar of Ru.
  4144 | D:5      | Found a shadowy altar of Dithmenos.
  4403 | D:5      | Found a staircase to the Ecumenical Temple.
  4432 | D:5      | Reached skill level 1 in Shields
  4624 | Temple   | Entered the Ecumenical Temple
  4637 | Temple   | Became a worshipper of Warmaster Okawaru
  4858 | D:6      | Reached XP level 9. HP: 52/52 MP: 9/9
  4886 | D:6      | Reached * piety under Okawaru
  4887 | D:6      | Reached skill level 10 in Stealth
  4892 | D:6      | Found a shimmering blue altar of Sif Muna.
  5425 | D:7      | Reached skill level 5 in Shields
  5613 | D:7      | Found an ornate altar of the Wu Jian Council.
  5672 | D:7      | Found Pofruth's Weapon Shop.
  5966 | D:8      | Noticed an orange demon
  5968 | D:8      | Noticed Amaemon
  5970 | D:8      | Killed an orange demon
  5970 | D:8      | Reached ** piety under Okawaru
  5971 | D:8      | Reached skill level 1 in Invocations
  5973 | D:8      | Killed Amaemon
  5974 | D:8      | Reached skill level 5 in Fighting
  5974 | D:8      | Reached skill level 6 in Dodging
  5974 | D:8      | Reached skill level 5 in Evocations
  5974 | D:8      | Reached XP level 10. HP: 59/59 MP: 9/12
  6079 | D:8      | Noticed Erica
  6083 | D:8      | Killed Erica
  6083 | D:8      | Reached *** piety under Okawaru
  6369 | D:8      | Reached **** piety under Okawaru
  6370 | D:8      | Reached skill level 7 in Dodging
  6486 | D:8      | Found a glowing silver altar of Zin.
  6495 | D:8      | Found a broken altar of Ashenzari.
  6597 | D:9      | Noticed a green ugly thing
  6610 | D:9      | Killed a green ugly thing
  6737 | D:9      | Found a hide-covered altar of Uskayaw.
  6914 | D:9      | Reached skill level 5 in Invocations
  6914 | D:9      | Reached XP level 11. HP: 54/66 MP: 14/14
  6950 | D:9      | Reached skill level 8 in Dodging
  7011 | D:9      | Paralysed by a hornet for 3 turns
  7100 | D:9      | Found an ancient bone altar of Kikubaaqudgha.
  7143 | D:9      | Reached skill level 10 in Short Blades
  7215 | D:9      | Reached ***** piety under Okawaru
  7829 | D:10     | Entered Level 10 of the Dungeon
  7848 | D:10     | Found a transporter.
  7850 | D:10     | Noticed a deep elf pyromancer
  7891 | D:10     | Noticed a deep troll
  7892 | D:10     | Found a transporter.
  7893 | D:10     | Noticed a deep troll
  8082 | D:10     | Found a staircase to the Lair.
  8181 | D:10     | Reached skill level 9 in Dodging
  8341 | D:10     | Found a glowing golden altar of the Shining One.
  8944 | D:11     | Reached skill level 10 in Dodging
  8990 | D:11     | Found Rakif's Vocational Training.
  9037 | D:11     | Noticed a green ugly thing
  9054 | D:11     | Killed a green ugly thing
  9333 | D:11     | Noticed Erolcha
  9349 | D:11     | Killed Erolcha
  9634 | D:11     | Found Fecvyl's Antique Weapon Shop.
  9656 | D:11     | Reached XP level 12. HP: 73/73 MP: 18/18
  9714 | D:11     | Received a gift from Okawaru
  9733 | D:11     | Found a staircase to the Orcish Mines.
  9979 | Lair:1   | Entered Level 1 of the Lair of Beasts
 10002 | Lair:1   | Noticed Prince Ribbit
 10041 | Lair:1   | Killed Prince Ribbit
 10137 | Lair:1   | Reached skill level 11 in Dodging
 10408 | Lair:1   | Noticed Jeremiah
 10412 | Lair:1   | Killed Jeremiah
 10412 | Lair:1   | Received a gift from Okawaru
 11042 | Lair:2   | Reached skill level 12 in Dodging
 11063 | Lair:2   | Noticed a death yak
 11064 | Lair:2   | Noticed a death yak
 11064 | Lair:2   | Noticed a death yak
 11065 | Lair:2   | Noticed a death yak
 11065 | Lair:2   | Noticed a death yak
 11065 | Lair:2   | Noticed a death yak
 11301 | Lair:2   | Received a gift from Okawaru
 11799 | Lair:2   | Killed a death yak
 11800 | Lair:2   | Reached skill level 13 in Dodging
 11800 | Lair:2   | Reached XP level 13. HP: 80/80 MP: 19/19
 12081 | Lair:3   | Found a hole to the Spider Nest.
 12489 | Lair:3   | Noticed an eight-headed hydra
 12493 | Lair:3   | Killed an eight-headed hydra
 12493 | Lair:3   | Reached ****** piety under Okawaru
 12494 | Lair:3   | Reached skill level 10 in Fighting
 12494 | Lair:3   | Acquired the +9 quick blade of Ravage {freeze, rF++}
 12494 | Lair:3   | Received a gift from Okawaru
 12497 | Lair:3   | Acquired the +3 pair of gloves of the Kettle-Drum {rElec
                  | Will- Dex+3}
 12497 | Lair:3   | Received a gift from Okawaru
 12574 | Lair:3   | Received a gift from Okawaru
 12603 | Lair:3   | Noticed a five-headed hydra
 12643 | Lair:3   | Killed a five-headed hydra
 12644 | Lair:3   | Reached skill level 14 in Dodging
 12787 | Lair:3   | Noticed a catoblepas
 12803 | Lair:3   | Killed a catoblepas
 12911 | Lair:3   | Found a staircase to the Swamp.
 13161 | Lair:4   | Noticed an eight-headed hydra
 13165 | Lair:4   | Killed an eight-headed hydra
 13319 | Lair:4   | Received a gift from Okawaru
 13556 | Lair:4   | Found a staircase to the Slime Pits.
 14229 | Lair:5   | Entered Level 5 of the Lair of Beasts
 14230 | Lair:5   | Received a gift from Okawaru
 14266 | Lair:5   | Reached XP level 14. HP: 74/88 MP: 21/21
 14400 | Lair:5   | Reached skill level 10 in Invocations
 14440 | Lair:5   | Received a gift from Okawaru
 15052 | Lair:5   | Received a gift from Okawaru
 15063 | Lair:5   | Reached skill level 15 in Stealth
 15818 | D:12     | Found Riqobra's Distillery.
 15822 | D:12     | Bought a potion of haste for 120 gold pieces
 15822 | D:12     | Bought a potion of heal wounds for 60 gold pieces
 15822 | D:12     | Bought a potion of heal wounds for 60 gold pieces
 15822 | D:12     | Bought a potion of cancellation for 96 gold pieces
 16170 | D:12     | Received a gift from Okawaru
 16217 | D:12     | Reached XP level 15. HP: 93/93 MP: 24/24
 16247 | D:12     | Noticed Fannar
 16261 | D:12     | Killed Fannar
 17005 | D:13     | Found a gate to the Vaults.
 17009 | D:13     | Received a gift from Okawaru
 17015 | D:13     | Reached skill level 15 in Dodging
 17294 | D:14     | Noticed Snorg
 17305 | D:14     | Killed Snorg
 17448 | D:14     | Found a gate leading to a gauntlet.
 17460 | Gauntlet | Entered a Gauntlet
 17466 | Gauntlet | Found a transporter.
 17492 | Gauntlet | Found a transporter.
 17518 | Gauntlet | Found a transporter.
 17531 | Gauntlet | Found a runed translucent gate.
 17532 | Gauntlet | Found a transporter.
 17532 | Gauntlet | Found a runed translucent gate.
 17533 | Gauntlet | Found a runed translucent gate.
 17544 | Gauntlet | Found a large runed translucent door.
 17544 | Gauntlet | Found a large runed translucent door.
 17547 | Gauntlet | Found a large runed translucent door.
 17547 | Gauntlet | Found a large runed translucent door.
 17552 | Gauntlet | Found a large runed translucent door.
 17552 | Gauntlet | Found a large runed translucent door.
 17552 | Gauntlet | Found a large runed translucent door.
 17552 | Gauntlet | Found a large runed translucent door.
 17555 | Gauntlet | Found a runed translucent door.
 17556 | Gauntlet | Found a transporter.
 17557 | Gauntlet | Found a runed translucent door.
 17558 | Gauntlet | Found a large runed translucent door.
 17558 | Gauntlet | Found a large runed translucent door.
 17559 | Gauntlet | Found a large runed translucent door.
 17560 | Gauntlet | Found a large runed translucent door.
 17566 | Gauntlet | Found a large runed translucent door.
 17570 | Gauntlet | Found a transporter.
 17574 | Gauntlet | Found a transporter.
 17590 | Gauntlet | Found a transporter.
 17593 | Gauntlet | Found a transporter.
 17607 | Gauntlet | Found a transporter.
 17643 | Gauntlet | Found a transporter.
 17689 | Gauntlet | Found a transporter.
 17689 | Gauntlet | Found a large runed translucent door.
 17690 | Gauntlet | Found a large runed translucent door.
 17690 | Gauntlet | Found a large runed translucent door.
 17885 | Gauntlet | Identified the +1 great sword of Caum {vamp, Int+3}
 17896 | Gauntlet | Found the +3 giant club "Skullcrusher" {speed, Str+7}
 17902 | Gauntlet | Identified the +1 pair of gloves of Poor Excuses {rElec
                  | Int+6 Stlth+}
 18373 | D:14     | Found Ceenuohi's Antique Weapon Shoppe.
 18550 | D:14     | Received a gift from Okawaru
 18807 | D:15     | Entered Level 15 of the Dungeon
 18812 | D:15     | Noticed Azrael
 19063 | D:14     | Killed Azrael
 19176 | D:15     | Found a hazy altar of Hepliaklqana.
 19189 | D:15     | Noticed Rupert
 19190 | D:15     | Paralysed by Rupert for 2 turns
 19199 | D:15     | Paralysed by Rupert for 5 turns
 19210 | D:15     | Killed Rupert
 19335 | D:15     | Found the ring of the Hare {EV+10}
 19518 | D:15     | Noticed Kirke
 19525 | D:15     | Killed Kirke
 19525 | D:15     | Received a gift from Okawaru
 19559 | D:15     | Reached skill level 16 in Dodging
 19560 | D:15     | Noticed Roxanne
 19686 | D:15     | Noticed Josephine
 19695 | D:15     | Killed Josephine
 19721 | D:15     | Noticed Agnes
 19733 | D:15     | Killed Agnes
 19884 | D:15     | Reached XP level 16. HP: 103/103 MP: 25/25
 19884 | D:15     | Found a staircase to the Depths.
 20080 | Orc:1    | Entered Level 1 of the Orcish Mines
 20148 | Orc:1    | Found a dark tunnel.
 20154 | Volcano  | Entered a volcano
 20767 | Orc:2    | Entered Level 2 of the Orcish Mines
 20781 | Orc:2    | Found a staircase to the Elven Halls.
 20925 | Orc:2    | Received a gift from Okawaru
 21042 | Orc:2    | Noticed Saint Roka
 21055 | Arena    | Entered the Arena
 21085 | Arena    | Killed Saint Roka
 21132 | Orc:2    | Noticed Urug
 21147 | Orc:2    | Found Wouckas's Antique Armour Shoppe.
 21162 | Orc:2    | Killed Urug
 21170 | Orc:2    | Paralysed by an orc sorcerer for 4 turns
 21232 | Orc:2    | Found Seukhlim's Book Shop.
 21283 | Orc:2    | Found a frozen archway.
 21310 | IceCv    | Entered an ice cave
 21317 | IceCv    | Reached skill level 17 in Dodging
 21603 | IceCv    | Received a gift from Okawaru
 21623 | IceCv    | Got a black book
 21790 | IceCv    | Found an ancient bone altar of Kikubaaqudgha.
 21814 | IceCv    | Reached skill level 10 in Evocations
 22217 | Orc:2    | Found Xodaittile's Book Shoppe.
 22342 | Orc:2    | Found Bezxosa's Antique Weapon Shoppe.
 22358 | Orc:2    | Found Dotimiali's General Store.
 22651 | Spider:1 | Entered Level 1 of the Spider Nest
 22977 | Spider:1 | Received a gift from Okawaru
 23185 | Spider:1 | Identified a scroll of acquirement
 23625 | Spider:2 | Noticed Mlioglotl
 23704 | Spider:2 | Reached XP level 17. HP: 95/108 MP: 26/26
 23720 | Spider:1 | Killed Mlioglotl
 23777 | Spider:2 | Acquired the +8 quick blade of Tenacity {heavy, rF+ SInv}
 24037 | Spider:1 | Received a gift from Okawaru
 24208 | Spider:2 | Noticed Aizul
 24234 | Spider:2 | Killed Aizul
 24326 | Spider:2 | Found a runed translucent door.
 24326 | Spider:2 | Noticed Nacwyfagh's ghost (adept MiFi)
 24717 | Spider:2 | Reached skill level 15 in Evocations
 24952 | Spider:3 | Received a gift from Okawaru
 25549 | Spider:3 | Received a gift from Okawaru
 26047 | Spider:4 | Entered Level 4 of the Spider Nest
 26247 | Spider:4 | Found a runed translucent gate.
 26248 | Spider:4 | Found a runed translucent gate.
 26248 | Spider:4 | Found a runed translucent gate.
 26255 | Spider:4 | Reached XP level 18. HP: 114/114 MP: 27/27
 26255 | Spider:4 | Noticed Vazil's ghost (journeyman FeSu)
 26534 | Spider:4 | Received a gift from Okawaru
 26666 | Spider:4 | Identified the +0 plate armour of Theory {rC+ Str-4 Dex+4
                  | SInv}
 27523 | Spider:4 | Got a gossamer rune of Zot
 27901 | Swamp:1  | Entered Level 1 of the Swamp
 27912 | Swamp:1  | Received a gift from Okawaru
 28461 | Swamp:1  | Noticed Jorgrun
 28464 | Swamp:1  | Killed Jorgrun
 28465 | Swamp:1  | Reached skill level 18 in Dodging
 28984 | Swamp:2  | Found a runed translucent gate.
 28984 | Swamp:2  | Found a runed translucent gate.
 28984 | Swamp:2  | Found a runed translucent gate.
 29022 | Swamp:2  | Noticed Frances
 29043 | Swamp:2  | Killed Frances
 29043 | Swamp:2  | Received a gift from Okawaru
 29442 | Swamp:3  | Found a transporter.
 29560 | Swamp:3  | Reached XP level 19. HP: 122/122 MP: 28/28
 29571 | Swamp:3  | Noticed Iffuusoj's ghost (adept MiBe)
 29572 | Swamp:3  | Found a transporter.
 29644 | Swamp:3  | Received a gift from Okawaru
 29914 | Swamp:4  | Entered Level 4 of the Swamp
 30024 | Swamp:4  | Noticed a tentacled monstrosity
 30049 | Swamp:4  | Killed a tentacled monstrosity
 30058 | Swamp:4  | Reached skill level 15 in Fighting
 30114 | Swamp:4  | Received a gift from Okawaru
 30133 | Swamp:4  | Noticed a tentacled monstrosity
 30138 | Swamp:4  | Killed a tentacled monstrosity
 30141 | Swamp:4  | Got a decaying rune of Zot
 30156 | Swamp:4  | Reached skill level 19 in Dodging
 30287 | Swamp:4  | Found a transporter.
 30290 | Swamp:4  | Noticed WhatIsLove's ghost (adept DjFE)
 30484 | Swamp:4  | Found a transporter.
 30664 | Swamp:4  | Received a gift from Okawaru
 30967 | Vaults:1 | Entered Level 1 of the Vaults
 31022 | Vaults:1 | Found a magical portal.
 31041 | WizLab   | Entered The Hall of the Hellbinder
 31118 | WizLab   | Reached skill level 20 in Dodging
 31215 | Arena    | Entered the Arena
 31338 | WizLab   | Noticed Weekky Cou
 31352 | WizLab   | Found a burning altar of Makhleb.
 31353 | Arena    | Entered the Arena
 31356 | Arena    | Noticed a Hell Sentinel
 31361 | Arena    | Killed Weekky Cou the Hellbinder
 31399 | WizLab   | Identified the +0 cloak "Wonne" {rPois Will- Int+3}
 31404 | WizLab   | Identified the amulet of Isyann {RegenMP Int+2}
 31849 | Vaults:1 | Received a gift from Okawaru
 32080 | Vaults:1 | Reached XP level 20. HP: 103/129 MP: 29/29
 33261 | Vaults:1 | Found Jusoudgh's Assorted Antiques.
 33374 | Vaults:1 | Reached skill level 21 in Dodging
 33379 | Abyss:2  | Cast into level 2 of the Abyss (a wizard)
 33432 | Vaults:1 | Escaped the Abyss
 33435 | Vaults:1 | Received a gift from Okawaru
 34196 | Vaults:2 | Noticed Asterion
 34223 | Vaults:2 | Killed Asterion
 34632 | Vaults:2 | You fall into a shaft and drop 2 floors!
 35034 | Vaults:4 | Identified the +8 arbalest "Rocwimm" {freeze, Str+3 Dex+5}
 35302 | Vaults:4 | Received a gift from Okawaru
 35303 | Vaults:4 | Reached XP level 21. HP: 114/134 MP: 30/30
 36253 | Vaults:3 | Reached skill level 22 in Dodging
 36418 | Vaults:3 | Found a runed translucent gate.
 36418 | Vaults:3 | Found a runed translucent gate.
 36419 | Vaults:3 | Found a runed translucent gate.
 36420 | Vaults:3 | Found Qemuedemm's Assorted Antiques.
 36420 | Vaults:3 | Found an opulent altar of Gozag.
 36461 | Vaults:3 | Received a gift from Okawaru
 37385 | Vaults:3 | Found a staircase to the Crypt.
 37522 | Vaults:3 | Received a gift from Okawaru
 37725 | Vaults:3 | Noticed Inony's ghost (master FoHu)
 37935 | Vaults:2 | Reached XP level 22. HP: 134/140 MP: 31/31
 38013 | Abyss:3  | Cast into level 3 of the Abyss (a wizard)
 38041 | Abyss:3  | Reached skill level 23 in Dodging
 38152 | Arena    | Entered the Arena
 38202 | Vaults:2 | Escaped the Abyss
 38454 | Vaults:2 | Found Nyor's Armour Shop.
 39015 | Vaults:2 | Received a gift from Okawaru
 39016 | Vaults:2 | Reached skill level 24 in Dodging
 39655 | Depths:1 | Entered Level 1 of the Depths
 39714 | Depths:1 | Found a sacrificial altar of Ru.
 39806 | Depths:1 | Found a gateway to Hell.
 40270 | Depths:1 | Found a white marble altar of Elyvilon.
 40462 | Depths:1 | Found a one-way gate leading to the halls of Pandemonium.
 40490 | Depths:1 | Noticed Bai Suzhen
 40496 | Depths:1 | Reached skill level 25 in Dodging
 40500 | Depths:1 | Killed Bai Suzhen
 40519 | Depths:1 | Received a gift from Okawaru
 40789 | Depths:1 | Noticed a golden dragon
 40816 | Depths:1 | Killed a golden dragon
 42048 | Depths:2 | Found a runed translucent door.
 42049 | Depths:2 | Noticed Gawoomn's ghost (adept HOMo)
 42372 | Depths:3 | Reached XP level 23. HP: 106/146 MP: 32/32
 42546 | Depths:3 | Found Naschip's Antique Weapon Boutique.
 42577 | Depths:3 | Received a gift from Okawaru
 43328 | Depths:3 | Found a one-way gate to the infinite horrors of the Abyss.
 43353 | Depths:3 | Noticed a golden dragon
 43356 | Depths:3 | Noticed a golden dragon
 43367 | Depths:3 | Killed a golden dragon
 43377 | Depths:3 | Killed a golden dragon
 43438 | Depths:3 | Received a gift from Okawaru
 44052 | Depths:4 | Entered Level 4 of the Depths
 44073 | Depths:4 | Found a gate to the Realm of Zot.
 44538 | Depths:4 | Found a one-way gateway to a ziggurat.
 44591 | Arena    | Entered the Arena
 44868 | Depths:4 | Received a gift from Okawaru
 45136 | Depths:3 | Voluntarily entered the Abyss.
 45161 | Abyss:3  | Found a corrupted altar of Lugonu.
 46135 | Abyss:3  | Received a gift from Okawaru
 46264 | Abyss:4  | Found a corrupted altar of Lugonu.
 46319 | Abyss:4  | Reached XP level 24. HP: 157/157 MP: 32/32
 46405 | Arena    | Entered the Arena
 46800 | Abyss:4  | Paralysed by a floating eye for 4 turns
 46802 | Abyss:4  | HP: 6/159 [Executioner (3)]
 46802 | Abyss:4  | HP: 2/159 [cacodemon (4)]
 46802 | Abyss:4  | Demolished by a large abomination

Illustrated notes

Levels and vault maps discovered:
D:1:      matt_arrival_los_fun, layout_loops_ring, st_stairs_7,
          minmay_misc_feat_hallway
D:2:      layout_rooms, serial_aquarium, aquarium_bridge_straight
          [aquarium_subvault_bridge, aquarium_subvault_window,
          aquarium_subvault_bridge, aquarium_subvault_wall],
          aquarium_bridge_square [aquarium_subvault_balcony,
          aquarium_subvault_window, aquarium_subvault_bridge,
          aquarium_subvault_window], aquarium_window_2, aquarium_window_fake,
          aquarium_window_fake, aquarium_view_2b, aquarium_view_2c,
          serial_shops, shop, nicolae_shop_behind_doors
D:3:      layout_basic, serial_shops, nicolae_shop_rolling_square,
          minmay_close_crescents, uniq_robin, uniq_grinder
D:4:      layout_basic, chequers_ossuary_entry_cave, kennysheep_big_empty_room
D:5:      layout_loops_cross, gammafunk_temple_overflow_wave, temple_statues,
          minmay_misc_feat_pillars
D:6:      layout_basic, mainiacjoe_overflow_catwalk
D:7:      layout_cave_pools, nzn_wu_jian_council_hall, serial_shops,
          nicolae_shop_peninsula, hangedman_abyss_or_decor_stagger,
          minmay_hedge_maze, chequers_serial_rivers_marsh
D:8:      layout_rooms, mainiacjoe_overflow_swirl, uniq_erica, uniq_amaemon
D:9:      layout_cave_pods, mainiacjoe_overflow_paths,
          nicolae_uskayaw_murder_on_the_dancefloor, enter_bailey_7
D:10:     gammafunk_sealed_arena, layout_irregular_city,
          mainiacjoe_overflow_small_starburst, lair_entry_dummy
D:11:     layout_irregular_city, orc_0_dummy, serial_shops,
          nicolae_shop_tiny_statue_garden, mumra_transporter_accident,
          nicolae_shop_vocational, uniq_erolcha
D:12:     layout_loops_ring, serial_shops, shop, uniq_fannar
D:13:     layout_rooms, david_vaults_5
D:14:     layout_stronghold, gauntlet_entry_generic,
          roderic_lattice_octagonal_star, nicolae_stop_n_shop_1,
          minmay_three_doors, uniq_snorg
D:15:     grunt_enter_depths_hoard, layout_gridville,
          hangedman_abyss_or_decor_clamps, nicolae_kite_square_tiling_tiny,
          nicolae_hepliaklqana_hazy_memory, uniq_roxanne, uniq_josephine,
          uniq_rupert, uniq_kirke, uniq_azrael, uniq_agnes
Temple:   cyrus_circular_temple
Lair:1:   layout_long_grid, cheibrodos_lair_reptile_den, uniq_prince_ribbit2,
          uniq_jeremiah
Lair:2:   layout_gridlike
Lair:3:   layout_chaotic_city, minmay_swamp_entry_swarm,
          spider_nest_entry_rubble, minivault_24
Lair:4:   layout_cave_pods, slime_entry_1, grunt_megastairs_1,
          serial_bayou_shore_b
Lair:5:   minmay_lair_end_enchanted_forest, layout_gridlike
Swamp:1:  layout_basic_swamp, hangedman_swamp_ruin_wall, uniq_jorgrun
Swamp:2:  layout_falls_marsh, gammafunk_ghost_necromancy,
          nicolae_swamp_trees_clearing, uniq_frances
Swamp:3:  layout_basic_swamp, gammafunk_ghost_mausoleum,
          hangedman_swamp_ruin_hall
Swamp:4:  swamp_vile, layout_basic_swamp, gammafunk_ghost_berserking_beasts
Spider:1: layout_cave_pods, nicolae_spider_paper_wasps
Spider:2: layout_spider_delve, gammafunk_ghost_grave, uniq_aizul, uniq_mlioglotl
Spider:3: layout_spider_delve
Spider:4: grunt_spider_rune_circles, gammafunk_ghost_tricky_traps
Orc:1:    layout_caves, nicolae_volcano_entry_two_sided,
          nicolae_orc_sculptors_studio
Orc:2:    grunt_orc_cross, layout_caves, portal_ice_cave_entry_imps,
          serial_shops, nicolae_shop_hallway_stairs, nicolae_orc_crystal_geode
Vaults:1: infiniplex_enter_wizlab_water, nicolae_vaults_arrows,
          nicolae_vaults_shipping_containers_4, nicolae_vaults_little_squares_1,
          nicolae_vaults_puzzle_piece, nicolae_vaults_offset_grid_hallway_3,
          ontoclasm_vaults_shuriken, nicolae_vaults_network_star, v_misc_25,
          nicolae_vaults_alarming, vaults_room_stairs_pillars,
          nicolae_vaults_diagonal_hallway_7, nicolae_vaults_wine_cellar,
          nicolae_vaults_tetromino_Z_1, nicolae_vaults_surprise_closet,
          vaults_dpeg_ring, nicolae_vaults_trapezoid_lopsided_3,
          layout_vaults_chaotic_city, serial_shops, shop
Vaults:2: nicolae_vaults_sesquioval_fish, grunt_vaults_swirl,
          nicolae_vaults_cochlea, st_octagons_2, ontoclasm_vaults_hangar,
          hangedman_vaults_nodes, nicolae_vaults_network_quinsquares
          [nicolae_vaults_network_quincunx_subvault,
          nicolae_vaults_network_quincunx_subvault,
          nicolae_vaults_network_quincunx_subvault,
          nicolae_vaults_network_quincunx_subvault], nicolae_vaults_trapezoid_4,
          nicolae_vaults_little_squares_3,
          nicolae_vaults_taking_the_gang_shopping, layout_vaults_big_cross,
          uniq_asterion
Vaults:3: ebering_ghost_gozag, blue_anna_dwarven_crypt, grunt_vaults_twisty,
          nicolae_vaults_two_Ls, v_alt_pattern_6, grunt_vaults_hallway_long,
          nicolae_vaults_network_periphery, dpeg_vaults_monster_box, v_rooms_6,
          grunt_vaults_focal, layout_vaults_omnibox
Vaults:4: st_squares, nicolae_vaults_lightning_bolt,
          nicolae_vaults_tetromino_L_2, vaults_mumra_hex, vaults_room_corners,
          nicolae_vaults_yaktaur_gun_rack, ontoclasm_vaults_gateway,
          grunt_vaults_hallway_long, v_pattern_1, nicolae_vaults_steering_wheel,
          nicolae_vaults_little_squares_4, hangedman_vaults_hat,
          nicolae_vaults_diagonal_hallway_7, nicolae_vaults_double_plus_2,
          vaults_room_pools, layout_vaults_ring
Depths:1: layout_cave_shapes, elyvilon_altar_1, serial_column_ruins,
          column_ruins_portal_hut, column_ruins_square_large,
          column_ruins_open_tiny_water, column_ruins_grid_3,
          column_ruins_grid_3, column_ruins_columns_straight,
          column_ruins_columns_straight, hell_entry,
          chequers_serial_rivers_marsh, nicolae_ru_great_annihilating_truth,
          uniq_bai_suzhen
Depths:2: nicolae_moon_pools, layout_basic,
          nicolae_hell_entry_hellmouth_sunbeams, pan_entry,
          ebering_ghost_inner_flame, serial_bayou_lagoon_a
Depths:3: minmay_bloctagon_deflated, layout_basic, abyss_entry_crystal,
          serial_shops, shop, grunt_decor_resistance, hell_entry
Depths:4: grunt_zot_entry_pinwheel, layout_honeycomb, enter_ziggurat_f,
          minmay_misc_feat_alley, hell_entry, chequers_decorated_corner
Abyss:4:  base: Depths:1, nicolae_abyss_rune_left_handed,
          nicolae_abyss_rune_left_handed, minivault_27, base: Spider:2,
          evilmike_abyss_exit_1, minivault_20, guppyfry_abyss_exit_imp_island,
          spicy_abyss_rude_harpoons, evilmike_abyss_exit_kraken,
          hangedman_abyss_rune_macabre_mess, hangedman_abyss_rune_macabre_mess

Skill      XL: |  1  2  3  4  5  6  7  8  9 10 11 12 13 14 15 16 17 18 19 20 21 22 23 24 |
---------------+-------------------------------------------------------------------------+-----
Short Blades   | 3 4 5 6 7 9 10 14 | 14.0
Dodging        | 2 3 4 5 6 7 10 13 14 16 17 18 20 21 22 25 | 25.0
Evocations     | 2 4 5 6 12 17 19 20 21 22 23 | 23.0
Fighting       | 3 4 5 6 8 9 10 12 13 14 15 18 | 18.5
Stealth        | 6 7 9 10 12 15 18 20 23 24 | 24.0
Shields        | 2 5 7 8 |  8.0
Invocations    | 2 5 8 9 12 | 12.0
Throwing       | |  2.1

Action                     |  1- 3 |  4- 6 |  7- 9 | 10-12 | 13-15 | 16-18 | 19-21 | 22-24 || total
---------------------------+-------+-------+-------+-------+-------+-------+-------+-------++-------
  Melee: Dagger            |    60 |   135 |   249 |   576 |    43 |       |       |       ||  1063
         Punch             |       |     3 |     1 |       |       |       |       |       ||     4
         Quick blade       |       |       |       |       |  1175 |  2481 |  2837 |  2755 ||  9248
  Throw: Dart              |       |       |     9 |    12 |     9 |     6 |     2 |     1 ||    39
 Invoke: Heroism           |       |       |       |     2 |     2 |     8 |    14 |    11 ||    37
         Finesse           |       |       |       |     1 |     1 |     5 |     4 |     3 ||    14
         Receive Weapon    |       |       |       |       |     1 |       |       |       ||     1
         Receive Armour    |       |       |       |       |     1 |       |       |       ||     1
         Duel              |       |       |       |       |       |     1 |     2 |     3 ||     6
Ability: Evoke Invisibilit |       |       |       |       |       |     2 |     2 |       ||     4
  Evoke: Wand              |       |       |       |     2 |     2 |     7 |     2 |     8 ||    21
         Tin of tremorston |       |       |       |       |       |       |       |     1 ||     1
    Use: Scroll            |     3 |       |     7 |     4 |     7 |    12 |     5 |     6 ||    44
         Potion            |       |     1 |     3 |       |     2 |     4 |     5 |     5 ||    20
   Stab: Sleeping          |    22 |     7 |    35 |    41 |    42 |   102 |    92 |    54 ||   395
         Distracted        |       |       |     1 |     1 |    13 |    15 |     6 |    16 ||    52
         Invisible         |       |       |       |       |       |     8 |    20 |       ||    28
         Paralysed         |       |       |       |       |       |       |       |     1 ||     1
 Armour: Robe              |    11 |    46 |    30 |       |       |       |       |       ||    87
         Leather armour    |       |       |    31 |    97 |       |       |       |       ||   128
         Troll leather arm |       |       |       |    46 |   166 |   238 |   193 |   216 ||   859
  Dodge: Dodged            |    27 |    71 |   109 |   315 |   488 |  1284 |  1404 |  1253 ||  4951
  Block: Buckler           |       |       |    16 |   152 |   231 |   386 |   427 |   367 ||  1579

Table legend: (Time is in decaauts)
 A = Elapsed time spent in this place.
 B = Non-inter-level travel time spent in this place.
 C = Inter-level travel time spent in this place.
 D = Time resting spent in this place.
 E = Time spent auto-exploring this place.
 F = Levels seen in this place.
 G = Mean time per level.
                   A        B        C        D        E       F      G
               +--------+--------+--------+--------+--------+-----+--------+
         Total |  44266 |  41823 |   2443 |   4499 |  25279 |  56 |  790.5 |
       Dungeon |  13549 |  12440 |   1109 |   1351 |   8093 |  15 |  903.3 |
        Temple |     26 |      2 |     24 |      0 |      0 |   1 |   26.0 |
          Lair |   5765 |   5280 |    485 |    240 |   3837 |   5 | 1153.0 |
         Swamp |   2738 |   2620 |    118 |    263 |   1627 |   4 |  684.5 |
   Spider Nest |   4845 |   4647 |    198 |   1065 |   2198 |   4 | 1211.2 |
  Orcish Mines |   1469 |   1392 |     77 |      0 |    802 |   2 |  734.5 |
        Vaults |   7072 |   6775 |    297 |    989 |   4119 |   4 | 1768.0 |
        Depths |   5244 |   5111 |    133 |    346 |   3558 |   4 | 1311.0 |
         Abyss |   1603 |   1603 |      0 |    178 |    502 |   6 |  267.2 |
       Ossuary |    140 |    140 |      0 |      0 |     63 |   1 |  140.0 |
      Ice Cave |    562 |    562 |      0 |     59 |    193 |   1 |  562.0 |
       Volcano |    161 |    161 |      0 |      0 |      6 |   1 |  161.0 |
        Wizlab |    495 |    495 |      0 |      0 |    114 |   1 |  495.0 |
      Gauntlet |    472 |    472 |      0 |      0 |    165 |   1 |  472.0 |
         Arena |    117 |    117 |      0 |      7 |      0 |   6 |   19.5 |
               +--------+--------+--------+--------+--------+-----+--------+

Top non-repeatable levels by time:
Vaults:1: 2126 daAuts
Vaults:3: 1760 daAuts
Vaults:2: 1733 daAuts
Depths:3: 1598 daAuts
Spider:4: 1547 daAuts
Vaults:4: 1452 daAuts
Depths:2: 1425 daAuts
    D:14: 1378 daAuts
  Lair:5: 1316 daAuts
     D:3: 1283 daAuts
Depths:1: 1274 daAuts
Spider:1: 1266 daAuts
  Lair:3: 1202 daAuts
  Lair:2: 1176 daAuts
    D:10: 1148 daAuts
